 Dungeon Crawl Stone Soup version 0.25.0-15-gac7dcb8 (webtiles) character file.

Game seed: 72512108323440742

37 sieger the Grasshopper (level 3, -2/24 HPs)
             Began as a Halfling Warper on June 29, 2020.
             Slain by a kobold
             ... wielding a +0 club
              (3 damage)
             ... on level 1 of the Dungeon.
             The game lasted 00:04:36 (1640 turns).

sieger the Grasshopper (Halfling Warper)            Turns: 1640, Time: 00:04:37

Health: -2/24      AC:  4    Str: 13    XL:     3   Next: 62%
Magic:  5/5        EV: 14    Int: 11    God:
Gold:   43         SH:  0    Dex: 13    Spells: 5/5 levels left

rFire    . . .     SeeInvis .   a - +0 spear
rCold    . . .     Gourm    .   (shield restricted)
rNeg     . . .     Faith    .   b - +0 leather armour
rPois    .         Spirit   .   m - +0 helmet
rElec    .         Reflect  .   (no cloak)
rCorr    .         Harm     .   (no gloves)
MR       .....                  (no boots)
Stlth    +.........             (no amulet)
HPRegen  0.08/turn              (no ring)
MPRegen  0.09/turn              (no ring)

@: lethally poisoned (-2 -> -7)
A: small, mutation resistance 1
a: no special abilities


You were on level 1 of the Dungeon.
You were not hungry.

You visited 1 branch of the dungeon, and saw 2 of its levels.

You collected 43 gold pieces.

Inventory:

Hand Weapons
 a - a +0 spear (weapon)
Missiles
 c - 43 stones
 e - 4 boomerangs of dispersal (quivered)
 g - 34 sling bullets
 r - 4 curare-tipped darts
Armour
 b - a +0 leather armour (worn)
 m - a +0 helmet (worn)
Jewellery
 s - an uncursed ring of fire {unknown}
Scrolls
 d - a scroll of blinking
 j - a scroll of fear {unknown}
 n - a scroll of identify {unknown}
 o - a scroll of teleportation {unknown}
 p - a scroll of amnesia {unknown}
 u - a scroll of enchant weapon {unknown}
Potions
 h - a potion of degeneration {unknown}
 k - a potion of haste {unknown}
 l - a potion of might {unknown}
 q - a potion of magic {unknown}
 t - a potion of heal wounds {unknown}
Comestibles
 f - 2 rations
 i - 2 chunks of flesh


   Skills:
 + Level 2.1 Fighting
 + Level 2.1 Polearms
 + Level 1.5 Throwing
 + Level 1.7 Armour
 + Level 2.5 Dodging
 + Level 1.8 Spellcasting
   Level 3.2 Translocations


You had 5 spell levels left.
You didn't know any spells.
Your spell library contained the following spells:

 Spells                   Type           Power        Failure   Level  Hunger
 Blink                    Tloc           N/A          14%         2    ###....
 Shroud of Golubria       Chrm/Tloc      #.....       28%         2    ###....
 Gell's Gravitas          Tloc           #.........   28%         3    ####...
 Lesser Beckoning         Tloc           #.........   28%         3    ####...
 Teleport Other           Tloc           #.......     28%         3    ####...
 Passage of Golubria      Tloc           N/A          67%         4    #####..


Dungeon Overview and Level Annotations

Branches:
Dungeon (2/15)

Altars:


Innate Abilities, Weirdness & Mutations

You are small and have problems with some larger weapons.
You are somewhat resistant to further mutation.


Message History

Press: ? - help, Shift-Dir - straight line, f - adder
Aim: an adder You throw a boomerang of dispersal.
The boomerang of dispersal hits the adder.
The adder blinks!
The adder is lightly wounded.
The adder barely misses you. The kobold hits you with a +0 club.
* * * LOW HITPOINT WARNING * * *
The adder bites you.
* * * LOW HITPOINT WARNING * * *
You barely miss the adder.
The adder is severely wounded.
The kobold hits you with a +0 club.
* * * LOW HITPOINT WARNING * * *
The adder misses you.
You completely miss the adder.
The adder is severely wounded.
* * * LOW HITPOINT WARNING * * *
You feel sick. The adder barely misses you. The kobold hits you with a +0 club.
You die...

## .#### ##### ....# ##########
##...###### .##.#
#........######.###...... .##.#
#......SK.......# #.###.. .##.#
#..##.##@.#####.###.# #.. .##.#
#..##..#S.# ##...## #.. .##.#
#(.##.....# #.### #>. .##.#
#..#.###..# #.# #.# ....#
#....#.#..# ##'## ##.# .####
#...#.⌠.#.# ##...## #... .#
#....#.#..# ##.....###.## .##
####.###.####.......##.##
÷.#########.....####.........#.##


You could see 2 adders and a kobold.

Vanquished Creatures
  A gnoll (D:1)
  A dart slug (D:1)
  A leopard gecko (D:1)
  4 bats
  A giant cockroach (D:1)
  3 goblins (D:1)
  3 hobgoblins (D:1)
  2 jackals (D:1)
  2 frilled lizards
  2 kobolds (D:1)
  5 rats
25 creatures vanquished.

Notes
Turn   | Place    | Note
-------+----------+-------------------------------------------
     0 | D:1      | sieger the Halfling Warper began the quest for the Orb.
     0 | D:1      | Reached XP level 1. HP: 14/14 MP: 3/3
    73 | D:1      | Reached XP level 2. HP: 3/19 MP: 4/4
   976 | D:1      | Reached XP level 3. HP: 24/24 MP: 5/5
  1640 | D:1      | HP: 1/24 [poisoned by an adder]
  1640 | D:1      | Slain by a kobold

Illustrated notes

Levels and vault maps discovered:
D:1:      nicolae_arrival_somewhat_less_tricky_arrival, layout_loops_corners,
          grunt_decor_one_mirror, roderic_lattice_a, minmay_pentomino_u2
D:2:      layout_rooms, grunt_temple_overflow_order_and_chaos_1,
          nicolae_overflow_hidden_temple

Skill      XL: |  1  2  3 |
---------------+----------+-----
Fighting       | 2 |  2.1
Polearms       | 2 |  2.1
Throwing       | |  1.5
Armour         | |  1.7
Dodging        | |  2.5
Spellcasting   | |  1.8
Translocations | |  3.2

Action                   || total
-------------------------++-------
Melee: Spear             ||    96
Throw: Stone             ||     8
       Boomerang         ||     1
 Stab: Sleeping          ||     1
  Eat: Chunk             ||     2
Armor: Leather armour    ||    19
Dodge: Dodged            ||    63
